 Dungeon Crawl Stone Soup version 0.28-a0-730-g892d06dc2c (webtiles) character file.

Game seed: 9006174598424224635

36 bande the Shield-Bearer (level 3, -2/23 HPs)
             Began as a Gargoyle Fighter on Oct 28, 2021.
             Slain by a kobold (3 damage)
             ... on level 2 of the Dungeon.
             The game lasted 00:01:36 (1056 turns).

bande the Shield-Bearer (Gargoyle Fighter)          Turns: 1056, Time: 00:01:36

Health: -2/23      AC: 10    Str: 20    XL:     3   Next: 37%
Magic:  3/3        EV:  9    Int:  8    God:
Gold:   57         SH:  4    Dex:  9    Spells: 2/2 levels left

rFire   . . .      SeeInvis .   a - +0 war axe
rCold   . . .      Faith    .   c - +0 buckler
rNeg    + . .      Spirit   .   b - +0 scale mail
rPois   ∞          Reflect  .   (no helmet)
rElec   +          Harm     .   (no cloak)
rCorr   .          Rampage  .   (no gloves)
Will    .....                   (no boots)
Stlth   ..........              (no amulet)
HPRegen 0.07/turn               (no ring)
MPRegen 0.08/turn               (no ring)

@: no status effects
A: sickness immunity, AC +3, negative energy resistance 1, electricity
resistance, torment resistance 1, petrification resistance
a: no special abilities


You were on level 2 of the Dungeon.
You visited 1 branch of the dungeon, and saw 2 of its levels.

You collected 57 gold pieces.

Inventory:

Hand Weapons
 a - a +0 war axe (weapon)
Armour
 b - a +0 scale mail (worn)
 c - a +0 buckler (worn)
Scrolls
 h - a scroll of amnesia {unknown}
 j - a scroll of identify {unknown}
Potions
 d - a potion of might
 f - a potion of haste
 i - a potion of lignification {unknown}


   Skills:
 + Level 3.5 Fighting
 + Level 2.3 Axes
 + Level 3.7 Armour
 + Level 3.8 Shields


You had 2 spell levels left.
You didn't know any spells.
Your spell library was empty.

Dungeon Overview and Level Annotations

Branches:
Dungeon (2/15)

Altars:

Shops:
D:2 !


Innate Abilities, Weirdness & Mutations

You are immune to sickness and miasma.
Your stone body is resilient. (AC +3)
You are immune to poison.
You resist negative energy. (rN+)
You are resistant to electric shocks. (rElec)
You are resistant to unholy torment.
You are immune to petrification.


Message History

The kobold burns you.
* * * LOW HITPOINT WARNING * * *
The adder misses you.
You closely miss the kobold.
The kobold is severely wounded.
You barely miss the adder. You block the adder's attack.
The kobold barely misses you. The adder bites you but does no damage.
You hit the kobold but do no damage.
The kobold is severely wounded.
You barely miss the adder. The kobold barely misses you.
The adder bites you but does no damage. The kobold barely misses you.
The adder bites you but does no damage.
Unknown command.
You closely miss the kobold.
The kobold is severely wounded.
You miss the adder. The adder barely misses you. The kobold closely misses you.
Unknown command.
You closely miss the kobold.
The kobold is severely wounded.
You closely miss the adder. The adder bites you but does no damage.
The kobold hits you with a +2 short sword of flaming.
* * * LOW HITPOINT WARNING * * *
The kobold burns you.
* * * LOW HITPOINT WARNING * * *
The adder bites you but does no damage. The kobold closely misses you.
You miss the kobold.
The kobold is severely wounded.
You hit the adder but do no damage. The adder bites you but does no damage.
You block the adder's attack. The kobold hits you but does no damage.
A ball python comes into view.
You barely miss the kobold.
The kobold is severely wounded.
You miss the adder.
The ball python hisses angrily.
The adder barely misses you. The kobold closely misses you.
The adder bites you.
* * * LOW HITPOINT WARNING * * *
It was a potion of cancellation.
You feel magically purged.
The kobold hits you with a +2 short sword of flaming.
You die...

#.... #.... #####
#.#.# . ...... #.#.#
.. )..#.##.#.# ...
......#.###.##+#
#.#...........
#.K@S..S.......# .#
#.....#.#.....#.###.#
#.##.##.#.#.###.#...#
# #.##.#.#.###.#.#.#
##.##..............
.........#.#.#..##..
###.##..........##..
........#.#....##.. #
#.###..#.###..##..


You could see an adder, a ball python and a kobold.

Vanquished Creatures
  An adder (D:2)
  A worm (D:2)
  A dart slug (D:2)
  3 endoplasms
  A giant cockroach (D:1)
  3 hobgoblins (D:1)
  2 kobolds (D:1)
  3 ball pythons (D:1)
  2 bats (D:1)
  5 rats (D:1)
22 creatures vanquished.

Notes
Turn   | Place    | Note
-------+----------+-------------------------------------------
     0 | D:1      | bande the Gargoyle Fighter began the quest for the Orb.
     0 | D:1      | Reached XP level 1. HP: 14/14 MP: 1/1
   198 | D:1      | Reached XP level 2. HP: 9/19 MP: 2/2
   353 | D:1      | Found a faded altar of an unknown god.
   856 | D:2      | Found Saerygh's Distillery.
   875 | D:2      | Reached XP level 3. HP: 14/23 MP: 3/3
  1055 | D:2      | HP: 1/23 [adder (1)]
  1056 | D:2      | Slain by a kobold

Illustrated notes

Levels and vault maps discovered:
D:1:      minmay_arrival_open_corners, layout_basic,
          ebering_ecumenical_altar_rust
D:2:      layout_basic, serial_shops, shop

Skill      XL: |  1  2 |
---------------+-------+-----
Axes           | 2 |  2.3
Fighting       | |  3.5
Armour         | |  3.7
Shields        | |  3.8

Action                   || total
-------------------------++-------
Melee: War axe           ||    79
  Use: Potion            ||     3
Armor: Scale mail        ||    51
Dodge: Dodged            ||    52
Block: Buckler           ||    23

Table legend: (Time is in decaauts)
 A = Elapsed time spent in this place.
 B = Non-inter-level travel time spent in this place.
 C = Inter-level travel time spent in this place.
 D = Time resting spent in this place.
 E = Time spent auto-exploring this place.
 F = Levels seen in this place.
 G = Mean time per level.
                   A        B        C        D        E       F      G
               +--------+--------+--------+--------+--------+-----+--------+
         Total |   1076 |   1052 |     24 |    259 |    590 |   2 |  538.0 |
       Dungeon |   1076 |   1052 |     24 |    259 |    590 |   2 |  538.0 |
               +--------+--------+--------+--------+--------+-----+--------+

Top non-repeatable levels by time:
     D:1: 876 daAuts
     D:2: 199 daAuts
